 Dungeon Crawl Stone Soup version 0.30-a0-1163-gf69bf04e7a (webtiles) character file.

Game seed: 6115801575479738810

6557 NateTC the Thaumaturge (level 10, -3/60 HPs)
             Began as a Deep Elf Earth Elementalist on Apr 29, 2023.
             Was a High Priest of Fedhas.
             Killed from afar by Harold (13 damage)
             ... with a bolt of light
             ... on level 9 of the Dungeon.
             The game lasted 00:33:57 (7300 turns).

NateTC the Thaumaturge (DEEE)                       Turns: 7300, Time: 00:33:58

Health: -3/60      AC:  9    Str:  5    XL:     10   Next: 70%
Magic:  10/24      EV: 20    Int: 25    God:    Fedhas [*****.]
Gold:   440        SH:  0    Dex: 15    Spells: 22/26 levels left

rFire   . . .        g - staff of earth
rCold   . . .        (no shield)
rNeg    . . .        u - +0 steam dragon scales
rPois   .            c - +0 helmet
rElec   .            j - +1 cloak
rCorr   .            w - +0 pair of gloves
SInv    .            (no boots)
Will    ++...        p - amulet of the acrobat
Stlth   ++           o - ring of willpower
HPRegen 0.30/turn    i - +5 ring of evasion
MPRegen 0.19/turn

%: acrobat
@: no status effects
A: no striking features
a: Renounce Religion, Wall of Briars, Grow Ballistomycete, Overgrow, Grow Oklob


You were on level 9 of the Dungeon.
You worshipped Fedhas.
Fedhas was extremely pleased with you.
You visited 1 branch of the dungeon, and saw 9 of its levels.

You collected 440 gold pieces.

Inventory:

Missiles
 n - a throwing net
Armour
 c - a +0 helmet (worn)
 j - a +1 cloak (worn)
 m - a +0 robe of fire resistance
 u - +0 steam dragon scales (worn)
 w - a +0 pair of gloves (worn)
Magical Staves
 g - a staff of earth (weapon)
Jewellery
 e - a +6 ring of dexterity
 i - a +5 ring of evasion (right hand)
 o - a ring of willpower (left hand)
 p - an amulet of the acrobat (around neck)
Wands
 v - a wand of flame (20)
Scrolls
 q - 2 scrolls of fog
Potions
 a - a potion of haste {unknown}
 b - a potion of magic
 d - 4 potions of heal wounds
 f - a potion of berserk rage
 h - 6 potions of curing
 k - 2 potions of degeneration {unknown}
 l - 2 potions of brilliance
 r - a potion of lignification {unknown}
 s - a potion of invisibility {unknown}
 t - a potion of ambrosia {unknown}
 x - a potion of resistance {unknown}


   Skills:
 - Level 6.0 Fighting
 - Level 6.6 Dodging
 - Level 2.4 Stealth
 + Level 8.6 Spellcasting
 - Level 6.6 Conjurations
 * Level 6.9 Transmutations
 - Level 5.7 Earth Magic
 - Level 8.0 Invocations


You had 22 spell levels left.
You knew the following spells:

 Your Spells              Type           Power      Damage    Failure   Level
a - Sandblast             Erth           100%       2d20      1%          1
b - Stone Arrow           Conj/Erth      100%       3d13      1%          3

Your spell library contained the following spells:

 Spells                   Type           Power      Damage    Failure   Level
 Kiss of Death            Conj/Necr      100%       2d13      1%          1
 Passwall                 Tmut/Erth      49%        N/A       1%          2
 Petrify                  Tmut/Erth      59%        N/A       4%          4
 Slow                     Hex            40%        N/A       6%          1
 Confusing Touch          Hex            10%        N/A       17%         3
 Vampiric Draining        Necr           10%        2d6       17%         3
 Dispel Undead            Necr           10%        3d9       50%         4


Dungeon Overview and Level Annotations

Branches:
Dungeon (9/15) Zot: 26903  Temple (0/1) D:5
   Lair: D:8-11         Orc: D:9-12

Altars:
Elyvilon
Fedhas
Okawaru
Vehumet
Xom
The Shining One

Annotations:
D:3 2 transporters, Jeffwins's ghost, amateur HuWn
D:9 Harold


Message History

Fedhas appreciates your contribution to the ecosystem.
Harold zaps a wand.
The bolt of light hits your briar patch!
Your briar patch is blinded.
The bolt of light hits you.
* * * LOW HITPOINT WARNING * * *
The bolt of light hits your briar patch!
Your briar patch is blinded.
Casting: Sandblast (safe; 1% risk of failure)
Confirm with . or Enter, or press ? or * to list all spells.
Aiming: Sandblast (safe; 1% risk of failure)
Press: ? - help, Shift-Dir - straight line, f - Harold
Aim: Harold, wielding a +0 glaive, wearing a +0 chain mail, quivering 4 throwing nets and carrying a wand of light (2) (ally target, 93% to hit)
You feel a surge of power! Fedhas protects your plant from harm.
The blast of sand misses Harold.
Casting: Sandblast (safe; 1% risk of failure)
Confirm with . or Enter, or press ? or * to list all spells.
Aiming: Stone Arrow (safe; 1% risk of failure)
Press: ? - help, Shift-Dir - straight line, f/p - Harold
Aim: Harold, wielding a +0 glaive, wearing a +0 chain mail, quivering 4 throwing nets and carrying a wand of light (2) (ally target, 89% to hit)
You feel a surge of power! Fedhas protects your plant from harm.
The stone arrow misses Harold.
Harold misses you.
Casting: Stone Arrow (safe; 1% risk of failure)
Confirm with . or Enter, or press ? or * to list all spells.
Aiming: Stone Arrow (safe; 1% risk of failure)
Press: ? - help, Shift-Dir - straight line, f/p - Harold
Aim: Harold, wielding a +0 glaive, wearing a +0 chain mail, quivering 4 throwing nets and carrying a wand of light (2) (ally target, 89% to hit)
You feel a surge of power! Fedhas protects your plant from harm.
The stone arrow hits Harold!!
Harold is heavily wounded.
The sentinel's mark upon you fades away.
Harold zaps a wand.
The bolt of light hits your briar patch!
Your briar patch is blinded.
The bolt of light hits you!
You die...
Fedhas appreciates your contribution to the ecosystem.

..# #.# . #.# ..
#)#####... #)##......
############))..#.#.#
#......).....##......
#..PPP@#####......⌠..
#..P@P.# #.#.......
#..PPP.# #.##...⌠..
#.<....# #.##....y.
#....F.# #.##.#.#.#
#......# #.##......
#......# #.# .#
#......# #........
#.........


You could see Harold (ally target) and a bullfrog.

Vanquished Creatures
  The ghost of rinse the Firebug, a novice HuFE (D:6)
  Maggie (D:8)
  A kobold demonologist (D:8)
  Prince Ribbit (D:8)
  A wyvern (D:8)
  6 yaks (D:8)
  5 steam dragons
  3 water moccasins
  A black bear (D:7)
  2 orc warriors
  4 sky beasts
  3 ice beasts
  2 centaurs
  An ogre (D:4)
  6 bullfrogs
  2 scorpions
  10 wights
  5 howler monkeys
  2 jellies
  6 orc priests
  A hound (D:6)
  A gnoll bouda (D:5)
  4 iguanas
  7 orc wizards
  15 gnolls
  8 adders
  A shadow imp (D:7)
  3 white imps
  3 dart slugs
  30 orcs
  7 ball pythons
  5 endoplasms
  6 giant cockroaches
  7 goblins
  6 hobgoblins
  5 jackals (D:2)
  6 quokkas
  6 bats
  9 frilled lizards
  9 kobolds
  5 rats
207 creatures vanquished.

Vanquished Creatures (collateral kills)
  A hornet (D:9)
1 creature vanquished.

Vanquished Creatures (others)
  22 fungi (D:7)
  12 plants
34 creatures vanquished.

Grand Total: 242 creatures vanquished

Notes
Turn   | Place    | Note
-------+----------+-------------------------------------------
     0 | D:1      | NateTC the Deep Elf Earth Elementalist began the quest for
                  | the Orb.
     0 | D:1      | Reached XP level 1. HP: 10/10 MP: 6/6
   107 | D:1      | Reached skill level 1 in Conjurations
   182 | D:1      | Reached XP level 2. HP: 15/15 MP: 6/8
   363 | D:1      | Found a faded altar of an unknown god.
   366 | D:1      | Prayed at the altar of an unknown god.
   366 | D:1      | Became a worshipper of Fedhas Madash
   366 | D:1      | Reached * piety under Fedhas
  1158 | D:2      | Reached XP level 3. HP: 19/19 MP: 7/10
  1476 | D:2      | Reached ** piety under Fedhas
  1676 | D:2      | Reached XP level 4. HP: 24/24 MP: 8/11
  1808 | D:3      | Learned a level 3 spell: Stone Arrow
  2072 | D:3      | Found a transporter.
  2098 | D:3      | Noticed Jeffwins's ghost (amateur HuWn)
  2153 | D:3      | Found a transporter.
  2412 | D:3      | Reached XP level 5. HP: 28/28 MP: 10/13
  2844 | D:4      | Reached *** piety under Fedhas
  2918 | D:4      | Noticed an ogre
  2923 | D:4      | Killed an ogre
  2924 | D:4      | Reached skill level 5 in Spellcasting
  2924 | D:4      | Reached XP level 6. HP: 32/32 MP: 11/15
  3477 | D:5      | Entered Level 5 of the Dungeon
  3498 | D:5      | Noticed an ice beast
  3502 | D:5      | Killed an ice beast
  3503 | D:5      | Reached skill level 5 in Conjurations
  3503 | D:5      | Reached skill level 5 in Earth Magic
  3551 | D:5      | Reached XP level 7. HP: 5/36 MP: 10/17
  3916 | D:5      | Identified the +0 leather armour of Fun {Harm +Inv Dex+3}
  3975 | D:5      | Found a staircase to the Ecumenical Temple.
  4348 | D:6      | Reached skill level 1 in Invocations
  4350 | D:6      | Reached skill level 1 in Fighting
  4369 | D:6      | Noticed a steam dragon
  4374 | D:6      | Killed a steam dragon
  4375 | D:6      | Reached XP level 8. HP: 44/44 MP: 12/19
  4433 | D:6      | Reached **** piety under Fedhas
  4553 | D:6      | Found a runed translucent door.
  4556 | D:6      | Noticed rinse's ghost (novice HuFE)
  4568 | D:6      | Killed rinse's ghost
  4634 | D:6      | Found a glowing golden altar of the Shining One.
  4791 | D:6      | Reached skill level 5 in Invocations
  4889 | D:6      | Reached XP level 9. HP: 52/52 MP: 18/20
  4961 | D:6      | Reached skill level 5 in Dodging
  5308 | D:7      | Found an iron altar of Okawaru.
  5575 | D:7      | Reached skill level 5 in Fighting
  5955 | D:7      | Found a shimmering altar of Xom.
  6076 | D:7      | Reached ***** piety under Fedhas
  6345 | D:8      | Noticed Prince Ribbit
  6350 | D:8      | Killed Prince Ribbit
  6351 | D:8      | Reached XP level 10. HP: 39/60 MP: 15/21
  6457 | D:8      | Identified the +6 mace "Ratop" {flame, *Rage rPois Will+
                  | Int+3 Stlth+}
  6472 | D:8      | Found a radiant altar of Vehumet.
  6787 | D:8      | Reached skill level 5 in Transmutations
  6892 | D:8      | Noticed Maggie
  6897 | D:8      | Killed Maggie
  7272 | D:9      | Found a white marble altar of Elyvilon.
  7294 | D:9      | Noticed Harold
  7300 | D:9      | Killed from afar by Harold

Illustrated notes

Levels and vault maps discovered:
D:1:      arrival_zaba_pyramid, layout_loops_corners,
          chequers_ecumenical_altar_grove, minmay_lizard_king
D:2:      layout_basic, chequers_serial_rivers_micro_c
D:3:      layout_basic, gammafunk_ghost_gnarly_gnolls
D:4:      layout_cave_pools
D:5:      layout_gridville, minmay_temple_entry_junction_2
D:6:      layout_rooms, tso_metal_star, ebering_ghost_sewer_d
D:7:      kennysheep_steamy, layout_basic, kennysheep_mini_moat,
          lemuel_doored_altar
D:8:      layout_rooms, vehumet_altar_wand_db, kennysheep_generic_room_16,
          uniq_maggie, uniq_prince_ribbit1
D:9:      layout_small_grid, elyvilon_altar_5, doesnt_shop_hydraphobe,
          uniq_harold

Skill      XL: |  1  2  3  4  5  6  7  8  9 10 |
---------------+-------------------------------+-----
Conjurations   | 1 2 3 4 5 6 |  6.6
Earth Magic    | 4 5 |  5.7
Spellcasting   | 4 5 6 8 |  8.6
Invocations    | 2 5 7 8 |  8.0
Fighting       | 1 3 6 |  6.0
Dodging        | 3 4 6 |  6.6
Transmutations | 6 |  6.9
Stealth        | |  2.4

Action                     |  1- 3 |  4- 6 |  7- 9 | 10-12 || total
---------------------------+-------+-------+-------+-------++-------
  Melee: Unarmed           |     4 |       |       |       ||     4
         Staff             |       |       |     1 |     1 ||     2
   Cast: Sandblast         |    61 |    79 |   125 |    69 ||   334
         Stone Arrow       |       |       |    10 |     6 ||    16
 Invoke: Wall of Briars    |       |       |       |     2 ||     2
    Use: Scroll            |     1 |    10 |     3 |     1 ||    15
         Potion            |       |       |     1 |     1 ||     2
 Armour: Robe              |     5 |     6 |    12 |       ||    23
         Steam dragon scal |       |       |     2 |     4 ||     6
  Dodge: Dodged            |    11 |    36 |    40 |    59 ||   146

Table legend: (Time is in decaauts)
 A = Elapsed time spent in this place.
 B = Non-inter-level travel time spent in this place.
 C = Inter-level travel time spent in this place.
 D = Time resting spent in this place.
 E = Time spent auto-exploring this place.
 F = Levels seen in this place.
 G = Mean time per level.
                   A        B        C        D        E       F      G
               +--------+--------+--------+--------+--------+-----+--------+
         Total |   7474 |   7339 |    135 |   1799 |   2363 |   9 |  830.4 |
       Dungeon |   7474 |   7339 |    135 |   1799 |   2363 |   9 |  830.4 |
               +--------+--------+--------+--------+--------+-----+--------+

Top non-repeatable levels by time:
     D:1: 1171 daAuts
     D:7: 1085 daAuts
     D:6: 935 daAuts
     D:8: 933 daAuts
     D:3: 918 daAuts
     D:5: 886 daAuts
     D:4: 789 daAuts
     D:2: 659 daAuts
     D:9: 95 daAuts
